 Dungeon Crawl Stone Soup version 0.29.1-12-g30fa7ad0bf (webtiles) character file.

Game seed: 9568776031339611512

2263 FexLirch the Thaumaturge (level 9, -4/62 HPs)
             Began as a Meteoran Earth Elementalist on Jan 2, 2023.
             Slain by a gargoyle
             ... wielding a +0 mace
              (11 damage)
             ... on level 7 of the Dungeon.
             The game lasted 00:14:14 (1421 turns).

FexLirch the Thaumaturge (MeEE)                     Turns: 1421, Time: 00:14:14

Health: -4/62      AC:  5    Str: 10    XL:     9   Next: 96%
Magic:  9/26       EV: 12    Int: 25    God:
Gold:   0          SH:  0    Dex: 16    Spells: 27/33 levels left

rFire   . . .      SeeInvis .   b - +1 dagger (elec)
rCold   . . .      Faith    .   (no shield)
rNeg    . . .      Spirit   .   a - +0 robe
rPois   .          Reflect  .   (no helmet)
rElec   .          Harm     .   (no cloak)
rCorr   .          Rampage  .   q - +2 pair of gloves
Will    +....                   (no boots)
Stlth   +.........              g - amulet of magic regeneration
HPRegen 0.20/turn               s - ring "Rokhem" {Fly Int+5}
MPRegen 0.60/turn               (no ring)

@: flying, glowing
A: sense surroundings 2, otherworldly, glowing, explore regen
a: no special abilities


You were on level 7 of the Dungeon.
You visited 1 branch of the dungeon, and saw 7 of its levels.

Inventory:

Hand Weapons
 b - a +1 dagger of electrocution (weapon)
 u - a +2 great sword
Missiles
 j - a poisoned dart (quivered)
Armour
 a - a +0 robe (worn)
 q - a +2 pair of gloves (worn)
Magical Staves
 l - a staff of fire
Jewellery
 g - an amulet of magic regeneration (around neck)
 s - the ring "Rokhem" (left hand) {Fly Int+5}
   (You found it on level 6 of the Dungeon)

   [ring of flight]

   Int:       It affects your intelligence (+5).
   Fly:       It grants you flight.
Wands
 p - a wand of quicksilver (9)
 w - a wand of polymorph (8)
Scrolls
 e - a scroll of enchant armour {unknown}
 h - a scroll of summoning {unknown}
 k - 3 scrolls of identify {unknown}
 m - a scroll of poison {unknown}
 n - a scroll of blinking {unknown}
 o - a scroll of amnesia {unknown}
 r - a scroll of enchant weapon {unknown}
 v - a scroll of vulnerability {unknown}
 x - a scroll of teleportation {unknown}
Potions
 c - 2 potions of heal wounds {unknown}
 d - a potion of attraction {unknown}
 f - 6 potions of curing
 i - a potion of magic
 t - a potion of brilliance {unknown}


   Skills:
 - Level 2.4 Dodging
 - Level 1.4 Stealth
 * Level 12.5 Spellcasting
 - Level 4.0 Conjurations
 - Level 1.2 Transmutations
 + Level 4.1 Air Magic
 - Level 6.0 Earth Magic


You had 27 spell levels left.
You knew the following spells:

 Your Spells              Type           Power      Damage    Failure   Level
a - Sandblast             Erth           90%        2d19      1%          1
b - Passwall              Tmut/Erth      27%        N/A       1%          2
c - Stone Arrow           Conj/Erth      80%        3d12      1%          3

Your spell library contained the following spells:

 Spells                   Type           Power      Damage    Failure   Level
 Static Discharge         Conj/Air       36%        3-8/arc   1%          2
 Slow                     Hex            60%        N/A       3%          1
 Petrify                  Tmut/Erth      33%        N/A       9%          4
 Confusing Touch          Hex            15%        N/A       12%         3
 Gell's Gravitas          Tloc           15%        N/A       12%         3
 Ozocubu's Armour         Ice            15%        N/A       12%         3
 Teleport Other           Tloc           15%        N/A       12%         3
 Tukima's Dance           Hex            15%        N/A       12%         3
 Vampiric Draining        Necr           15%        2d7       12%         3
 Lightning Bolt           Conj/Air       18%        1d32      21%         5
 Passage of Golubria      Tloc           15%        N/A       36%         4
 Yara's Violent Unravell  Hex/Tmut       9%         3d6       63%         5
 Metabolic Englaciation   Hex/Ice        7%         N/A       71%         5
 Dispersal                Tloc           7%         N/A       99%         6
 Simulacrum               Ice/Necr       7%         N/A       99%         6
 Maxwell's Capacitive Co  Air            18%        ∞         100%        8


Dungeon Overview and Level Annotations

Branches:
Dungeon (7/15) Zot: 2745
 Temple: D:4-7

Altars:
Kikubaaqudgha
Makhleb
Okawaru
Sif Muna
Wu Jian
Xom


Innate Abilities, Weirdness & Mutations

You passively map the area around you.
You are easily found by Zot.
You glow in the dark.
You regain HP and MP as you explore.


Message History

Press: ? - help, Shift-Dir - straight line, f/p - gargoyle
Aim: a gargoyle, wielding a +0 mace (89% to hit)
The stone arrow hits the gargoyle.
The gargoyle is moderately damaged.
The gargoyle hurls a stone arrow at you.
The stone arrow hits you!!
Casting: Stone Arrow (safe; 1% risk of failure)
Confirm with . or Enter, or press ? or * to list all spells.
Aiming: Stone Arrow (safe; 1% risk of failure)
Press: ? - help, Shift-Dir - straight line, f/p - gargoyle
Aim: a gargoyle, wielding a +0 mace (moderately damaged, 89% to hit)
The stone arrow hits the gargoyle!
The gargoyle is severely damaged.
Casting: Stone Arrow (safe; 1% risk of failure)
Confirm with . or Enter, or press ? or * to list all spells.
Aiming: Stone Arrow (safe; 1% risk of failure)
Press: ? - help, Shift-Dir - straight line, f/p - gargoyle
Aim: a gargoyle, wielding a +0 mace (severely damaged, 89% to hit)
The stone arrow hits the gargoyle but does no damage.
The gargoyle is severely damaged.
The gargoyle hits you with a +0 mace.
Casting: Stone Arrow (safe; 1% risk of failure)
Confirm with . or Enter, or press ? or * to list all spells.
Aiming: Stone Arrow (safe; 1% risk of failure)
Press: ? - help, Shift-Dir - straight line, f/p - gargoyle
Aim: a gargoyle, wielding a +0 mace (severely damaged, 89% to hit)
The stone arrow hits the gargoyle but does no damage.
The gargoyle is severely damaged.
The gargoyle hurls a stone arrow at you.
The stone arrow hits you!
* * * LOW HITPOINT WARNING * * *
Casting: Stone Arrow (safe; 1% risk of failure)
Confirm with . or Enter, or press ? or * to list all spells.
Aiming: Stone Arrow (safe; 1% risk of failure)
Press: ? - help, Shift-Dir - straight line, f/p - gargoyle
Aim: a gargoyle, wielding a +0 mace (severely damaged, 89% to hit)
The stone arrow hits the gargoyle!
The gargoyle is almost destroyed.
The gargoyle hits you with a +0 mace!
You die...

##.S.### ###{#
###.# #.##..#
..*#...# ##!#.#
#.##5.##..##...#
* * #$=#.#
#...##..##.$##÷#
*,....$##.#
#...##..##..##.#
,⌠..g[ #.#
#.##5.##..#
...##, ....* #.#
#.##..##..##O..',
,,... * #.#
#...##..##..##9#
, ,.... *#.#
#...##..##..##@#
⌠..⌠? #.#
#.##..##..##...#
....$##.#
#.##..##..##...#
**#5g#.#
#...##O.##..####
##5#.#
#...##..##..
###.#
############*
##############.#
#...............
#.##############
#.# , #


You could see a gargoyle.

Vanquished Creatures
  A two-headed ogre (D:7)
  2 water moccasins
  An ice beast (D:7)
  An ogre (D:5)
  A black bear (D:7)
  2 centaurs (D:7)
  2 phantoms (D:7)
  A bullfrog (D:6)
  A necrophage (D:7)
  2 scorpions (D:5)
  5 wights (D:6)
  A killer bee (D:7)
  3 jellies
  A gnoll bouda (D:5)
  An iguana (D:7)
  3 orc wizards (D:6)
  Robin (D:2)
  5 gnolls (D:5)
  5 adders
  2 white imps (D:7)
  An ufetubus (D:6)
  A worm (D:2)
  6 orcs
  An endoplasm (D:3)
  A giant cockroach (D:4)
  5 hobgoblins
  4 kobolds
  2 quokkas
  2 ball pythons (D:2)
  A bat (D:2)
  3 frilled lizards (D:2)
  4 goblins
  A rat (D:3)
73 creatures vanquished.

Notes
Turn   | Place    | Note
-------+----------+-------------------------------------------
     0 | D:1      | FexLirch the Meteoran Earth Elementalist began the quest
                  | for the Orb.
     0 | D:1      | Reached XP level 1. HP: 14/14 MP: 5/5
    24 | D:2      | Noticed Robin
    31 | D:2      | Reached XP level 2. HP: 20/20 MP: 0/6
    35 | D:2      | Killed Robin
    36 | D:2      | Reached skill level 3 in Spellcasting
    36 | D:2      | Reached skill level 1 in Conjurations
    40 | D:2      | Learned a level 2 spell: Passwall
    75 | D:2      | Reached XP level 3. HP: 26/26 MP: 6/8
    79 | D:2      | Learned a level 3 spell: Stone Arrow
   194 | D:3      | Found a burning altar of Makhleb.
   201 | D:3      | Found an ornate altar of the Wu Jian Council.
   275 | D:5      | Entered Level 5 of the Dungeon
   287 | D:4      | Reached XP level 4. HP: 24/33 MP: 4/10
   356 | D:4      | Reached XP level 5. HP: 36/38 MP: 9/11
   382 | D:4      | Reached skill level 4 in Spellcasting
   505 | D:5      | Noticed an ogre
   510 | D:5      | Killed an ogre
   511 | D:5      | Reached skill level 5 in Earth Magic
   511 | D:5      | Reached XP level 6. HP: 45/45 MP: 5/13
   626 | D:5      | Found a shimmering blue altar of Sif Muna.
   641 | D:5      | Found a shimmering altar of Xom.
   642 | D:5      | Found a shimmering altar of Xom.
   643 | D:5      | Found a shimmering altar of Xom.
   643 | D:5      | Found a shimmering altar of Xom.
   645 | D:5      | Found a shimmering altar of Xom.
   646 | D:5      | Found a shimmering altar of Xom.
   688 | D:5      | Reached skill level 5 in Spellcasting
   748 | D:5      | Reached XP level 7. HP: 50/50 MP: 12/15
   854 | D:6      | Identified the ring "Rokhem" {Fly Int+5}
   879 | D:6      | Reached skill level 6 in Spellcasting
   893 | D:6      | Found an iron altar of Okawaru.
   920 | D:6      | Found an ancient bone altar of Kikubaaqudgha.
   954 | D:6      | Noticed a water moccasin
   957 | D:6      | Killed a water moccasin
   958 | D:6      | Reached skill level 7 in Spellcasting
   969 | D:6      | Reached XP level 8. HP: 57/57 MP: 15/20
   976 | D:6      | Reached skill level 8 in Spellcasting
  1038 | D:6      | Reached skill level 9 in Spellcasting
  1186 | D:7      | Reached skill level 10 in Spellcasting
  1188 | D:7      | Gained mutation: You passively map the area around you.
                  | [Meteoran growth]
  1188 | D:7      | Reached XP level 9. HP: 62/62 MP: 3/24
  1224 | D:7      | Reached skill level 11 in Spellcasting
  1237 | D:7      | Noticed a two-headed ogre
  1248 | D:7      | Reached skill level 1 in Air Magic
  1285 | D:7      | Killed a two-headed ogre
  1286 | D:7      | Reached skill level 12 in Spellcasting
  1415 | D:7      | Noticed a gargoyle
  1421 | D:7      | Slain by a gargoyle

Illustrated notes

Levels and vault maps discovered:
D:1:      amcnicky_arrival_choice, layout_basic,
          hellmonk_ecumenical_altar_blasted, supply_closet_lemuel
D:2:      layout_basic, uniq_natasha, uniq_robin
D:3:      layout_loops_corners, amethyst_overflow_temple_binary,
          mainiacjoe_overflow_concentric_impassable, serial_aquarium,
          aquarium_bridge_square [aquarium_subvault_bridge,
          aquarium_subvault_bridge, aquarium_subvault_wall,
          aquarium_subvault_bridge], aquarium_window_fake, aquarium_window_1,
          aquarium_window_1, aquarium_window_2, aquarium_view_2e,
          aquarium_balcony_5a
D:4:      layout_cave_pools, serial_rivers, chequers_serial_rivers_marsh,
          chequers_serial_rivers_micro_c, chequers_serial_rivers_large_a,
          chequers_serial_rivers_small_a, hangedman_feature_mirror
D:5:      cheibrodos_thug_alley, layout_loops_corners, amcnicky_altar_gilded,
          xom_redecorated, chequers_serial_rivers_small_3, item_on_display_a
D:6:      layout_layer_cave, nicolae_kikubaaqudgha_miasma_corner,
          okawaru_trees_1, hex_tiny, chequers_serial_rivers_marsh
D:7:      wad_guarded_room, layout_basic, minmay_temple_entry_crystal_x

Skill      XL: |  1  2  3  4  5  6  7  8  9 |
---------------+----------------------------+-----
Spellcasting   | 3 4 5 7 10 12 | 12.5
Conjurations   | 1 2 3 4 |  4.0
Earth Magic    | 4 5 6 |  6.0
Air Magic      | 4 |  4.1
Dodging        | |  2.4
Stealth        | |  1.4
Transmutations | |  1.2

Action                   |  1- 3 |  4- 6 |  7- 9 || total
-------------------------+-------+-------+-------++-------
Melee: Dagger            |     1 |       |       ||     1
Throw: Dart              |       |     5 |     4 ||     9
 Cast: Sandblast         |    21 |    12 |    22 ||    55
       Stone Arrow       |     5 |    14 |    57 ||    76
       Passwall          |     1 |     3 |     7 ||    11
  Use: Potion            |     1 |       |       ||     1
Armor: Robe              |     5 |     1 |    15 ||    21
Dodge: Dodged            |     6 |     3 |    30 ||    39
